 Dungeon Crawl Stone Soup version 0.17.0-28-g6e173f8 (webtiles) character file.

2539 septik the Basher (level 9, 0/51 HPs)
             Began as a Gargoyle Fighter on Nov 24, 2015.
             Was an Initiate of Gozag.
             Incinerated by dorian's ghost (5 damage)
             ... with a sticky flame
             ... on level 7 of the Dungeon.
             The game lasted 00:12:08 (6159 turns).

septik the Basher (Gargoyle Fighter)                Turns: 6159, Time: 00:12:09

Health: 0/51       AC: 18    Str: 26    XL:     9   Next: 55%
Magic:  9/9        EV: 11    Int:  8    God:    Gozag
Gold:   1016       SH: 10    Dex: 17    Spells: 0 memorised, 8 levels left

rFire  . . .     SeeInvis .     a - +0 flail
rCold  . . .     Clarity  .     m - +0 plate armour
rNeg   + . .     SustAt   .     c - +0 shield
rPois  ∞         Gourm    .     h - +0 helmet
rElec  +         Spirit   .     (no cloak)
rCorr  .         Warding  .     (no gloves)
rMut   .         Stasis   .     (no boots)
MR     .....                    k - amulet of regeneration
Stlth  ..........               (no ring)
                                s - +2 ring of evasion

@: mighty, agile, liquid flames, glowing, not resistant to hostile enchantments,
extremely unstealthy
A: negative energy resistance 1, electricity resistance, unbreathing,
petrification resistance, rot immunity, AC +5
a: Potion Petition, Call Merchant, Bribe Branch, Renounce Religion


You were on level 7 of the Dungeon.
You worshipped Gozag.
Gozag was noncommittal.
You were not hungry.

You visited 1 branch of the dungeon, and saw 7 of its levels.
You also visited: Ossuary.

You collected 1018 gold pieces.
You paid 2 gold pieces to Gozag.

Inventory:

Hand Weapons
 a - a +0 flail (weapon)
 u - a +1 whip of venom
Missiles
 g - 178 stones (quivered)
 D - 2 throwing nets
Armour
 b - a +0 scale mail
 c - a +0 shield (worn)
 h - a +0 helmet (worn)
 m - a +0 plate armour (worn)
 C - a +2 helmet
Jewellery
 k - an amulet of regeneration (around neck)
 o - an uncursed ring of fire
 s - a +2 ring of evasion (left hand)
 A - an uncursed amulet of resist mutation
Wands
 v - a wand of flame (38)
 w - a wand of hasting (4)
 y - a wand of fire (3)
Scrolls
 i - 5 scrolls of teleportation {unknown}
 n - a scroll of magic mapping {unknown}
 p - 6 scrolls of identify {unknown}
 q - 2 scrolls of amnesia {unknown}
 t - 7 scrolls of remove curse {unknown}
 B - a scroll of summoning {unknown}
 E - 3 scrolls of enchant weapon {unknown}
 F - a scroll of enchant armour {unknown}
 K - a scroll of silence {unknown}
 L - a scroll of fog {unknown}
Potions
 d - 3 potions of might
 r - a potion of brilliance {unknown}
 x - a potion of cancellation
 z - a potion of agility
 G - a potion of poison {unknown}
 H - a potion of mutation {unknown}
 I - 2 potions of degeneration {unknown}
 J - a potion of lignification {unknown}
Comestibles
 e - 3 bread rations
 f - 4 slices of pizza
 j - a meat ration


   Skills:
 - Level 3.2 Fighting
 + Level 12.4 Maces & Flails
 - Level 3.2 Armour
 - Level 3.2 Shields


You had 8 spell levels left.
You didn't know any spells.

Dungeon Overview and Level Annotations

Branches:
Dungeon (7/15)             Temple (0/1) D:7

Altars:
Dithmenos
Elyvilon
Fedhas
Gozag
Kikubaaqudgha
Makhleb
Qazlal
Sif Muna
Trog
Xom
Yredelemnul
Zin
The Shining One

Shops:
D:7 :

Annotations:
D:3 Blork the orc
D:7 dorian's ghost, novice OpFE


Innate Abilities, Weirdness & Mutations

You are resistant to torment.
Your stone body is resilient (AC +5).
You are immune to poison.
You resist negative energy.
You are resistant to electric shocks.
You can survive without breathing.
You are immune to petrification.
You are immune to rotting.


Message History

You feel better. You block dorian's ghost's attack.
You bludgeon dorian's ghost!!
Dorian's ghost is severely damaged.
Dorian's ghost hits you but does no damage.
Your shield prevents you from hitting dorian's ghost.
Dorian's ghost is severely damaged.
Dorian's ghost sprays you with burning goo.
The sticky flame hits you!
You are covered in liquid flames!
You miss dorian's ghost.
Dorian's ghost is severely damaged.
You are covered in liquid flames!
* * * LOW HITPOINT WARNING * * *
Dorian's ghost hits you but does no damage.
Drink which item? (? for menu, Esc to quit)
It was a potion of agility.
You feel agile all of a sudden.
You are covered in liquid flames!
You die...
Your body crumbles into a pile of gold.

#.# #.# #..##.....#######
#.#####.###.###.....#
#.................###
#######.###.#.....####..#
........###.###...# #..#
....###......##...# #..#
.............##...# #..#
.....######..##...# #..#
.....# #.....@.####..#
.....### #..##.W.......#
.......# #..##.#.####.##
.....#.# #..##.#.# #.#
.....#.####..##.#.####.#
.#.....................#
.>.....[...WZ.....######
.#..#...###.<.....#
......).# #.###.###


You could see dorian's ghost.

Vanquished Creatures
  An ice beast (D:7)
  Purgy (D:4)
  4 ogres
  A necrophage (D:6)
  A centaur (D:6)
  A crocodile (D:7)
  4 giant frogs
  A wyvern skeleton (D:7)
  8 scorpions
  A vampire bat (D:3)
  7 crimson imps
  2 hounds
  A centaur skeleton (D:6)
  A human zombie (Ossuary)
  2 giant frog skeletons
  2 orc priests
  3 orc wizards
  2 iguanas
  4 worker ants
  A hound zombie (D:5)
  3 mummies (Ossuary)
  8 gnolls
  5 adders
  3 scorpion zombies (Ossuary)
  An ooze (D:1)
  An adder zombie (D:6)
  2 worms
  2 adder skeletons
  2 giant geckos
  12 orcs
  8 bats
  5 bat skeletons (D:3)
  A bat zombie (D:3)
  3 giant cockroaches
  6 hobgoblins
  18 jackals
  3 quokkas
  2 giant newts
  13 goblins
  3 goblin zombies (Ossuary)
  2 hobgoblin zombies (Ossuary)
  7 kobolds
  A kobold zombie (Ossuary)
  2 orc zombies (Ossuary)
  A quokka zombie (D:6)
  2 rats
164 creatures vanquished.

Notes
Turn   | Place    | Note
--------------------------------------------------------------
     0 | D:1      | septik the Gargoyle Fighter began the quest for the Orb.
     0 | D:1      | Reached XP level 1. HP: 14/14 MP: 1/1
   336 | D:1      | Reached XP level 2. HP: 19/19 MP: 2/2
   760 | D:1      | Reached XP level 3. HP: 16/23 MP: 3/3
  1244 | D:2      | Reached skill level 4 in Maces & Flails
  1244 | D:2      | Reached XP level 4. HP: 23/28 MP: 4/4
  1435 | D:2      | Found an opulent altar of Gozag.
  1632 | D:2      | Became a worshipper of Gozag Ym Sagoz the Greedy
  1930 | D:2      | Found a blossoming altar of Fedhas.
  2053 | D:3      | Reached skill level 5 in Maces & Flails
  2053 | D:3      | Reached XP level 5. HP: 29/32 MP: 5/5
  2115 | D:3      | Noticed Blork the orc
  2122 | D:3      | Found a deep blue altar of Sif Muna.
  2266 | D:3      | Found an ancient bone altar of Kikubaaqudgha.
  2276 | D:3      | Reached skill level 6 in Maces & Flails
  2276 | D:3      | Reached XP level 6. HP: 37/37 MP: 6/6
  2349 | D:3      | Found a shadowy altar of Dithmenos.
  2511 | D:3      | Found a shimmering altar of Xom.
  2836 | D:4      | Noticed Purgy
  2874 | D:4      | Killed Purgy
  2874 | D:4      | Reached skill level 7 in Maces & Flails
  2874 | D:4      | Reached XP level 7. HP: 41/41 MP: 7/7
  3074 | D:4      | Found a burning altar of Makhleb.
  3074 | D:4      | Found a bloodstained altar of Trog.
  3092 | D:4      | Reached skill level 8 in Maces & Flails
  3650 | D:5      | Entered Level 5 of the Dungeon
  3727 | D:5      | Reached skill level 9 in Maces & Flails
  3727 | D:5      | Reached XP level 8. HP: 46/46 MP: 8/8
  3741 | D:5      | Found a stormy altar of Qazlal.
  3878 | D:5      | Found a glowing silver altar of Zin.
  3878 | D:5      | Found a white marble altar of Elyvilon.
  3878 | D:5      | Found a glowing golden altar of the Shining One.
  3985 | D:5      | Found a basalt altar of Yredelemnul.
  4270 | D:6      | Reached skill level 10 in Maces & Flails
  4343 | D:6      | Found a sand-covered staircase.
  4348 | Ossuary  | Entered an ossuary
  4673 | Ossuary  | Reached skill level 11 in Maces & Flails
  4793 | D:6      | Reached XP level 9. HP: 49/51 MP: 9/9
  5254 | D:7      | Noticed dorian's ghost (novice OpFE)
  5630 | D:7      | Reached skill level 12 in Maces & Flails
  5787 | D:7      | Found Hopemp's Book Shoppe.
  6116 | D:7      | Found a staircase to the Ecumenical Temple.
  6159 | D:7      | Incinerated by dorian's ghost

Action                   |  1- 3 |  4- 6 |  7- 9 || total
-------------------------+-------+-------+-------++-------
Melee: Flail             |   132 |   258 |   395 ||   785
       Unarmed           |       |     5 |       ||     5
       Whip              |       |       |   202 ||   202
  Use: Potion            |       |       |     6 ||     6
  Eat: Chunk             |     1 |     2 |       ||     3
       Meat ration       |       |     1 |     2 ||     3
       Beef jerky        |       |       |     2 ||     2
